Map: Orbital Shipyard

Players

Namshar - Winner!

  • Race: Zerg Zerg

yukimurahhh

  • Race: Protoss Protoss

Event: Gauntlet LotV Series 1 Qualifier 1

VOD

Have the link to the VOD?

Description

Time

  • Played on: Nov. 22, 2015, 4:40 p.m.
  • Length: 7:04

All games in this series

Show
View Real Time Build Order
Export as new Build Order

Namshar Zerg - Winner!

Build Orders: Hatch First 

Get SALT Encoding   

  12  0:00  Drone  
  13  0:12  Overlord  
  13  0:17  Drone  
  14  0:30  Drone x2  
  14  0:35  Drone  
  17  0:52  Hatchery  
  17  0:54  Drone  
  17  0:56  Drone  
  18  1:11  Spawning Pool  
  17  1:13  Drone  
  18  1:29  Extractor  
  17  1:35  Hatchery  
  17  1:37  Drone  
  17  1:40  Drone  
  17  1:45  Drone  
  19  1:57  Queen  
  21  2:03  Queen  
  21  2:05  Drone  
  24  2:09  Drone  
  25  2:15  Overlord  
  25  2:19  Drone  
  27  2:22  Drone  
  27  2:25  Drone  
  28  2:32  Metabolic Boost  
  28  2:39  Queen  
  28  2:43  Drone  
  31  2:44  Drone  
  31  2:47  Drone  
  31  2:49  Drone  
  34  2:52  Drone  
  34  2:53  Drone  
  34  2:58  Overlord  
  36  3:01  Drone x2  
  36  3:04  Drone  
  39  3:08  Drone  
  39  3:09  Drone x2  
  42  3:13  Overlord  
  42  3:19  Drone x4  
  46  3:27  Overlord  
  46  3:29  Drone x3  
  46  3:32  Drone  
  50  3:38  Extractor  
  50  3:39  Overlord  
  49  3:44  Drone x3  
  49  3:47  Drone x4  
  56  3:49  Extractor  
  56  3:50  Drone x3  
  56  3:52  Drone, Extractor  
  56  3:53  Drone  
  56  3:54  Drone  
  60  4:02  Overlord  
  60  4:04  Lair  
  60  4:08  Roach Warren  
  60  4:09  Evolution Chamber, Drone x2  
  60  4:13  Drone  
  60  4:15  Zergling x4  
  60  4:16  Zergling x2  
  64  4:17  Drone x2  
  64  4:20  Drone x2  
  68  4:25  Drone x2  
  68  4:26  Overlord  
  68  4:29  Overlord  
  70  4:40  Overlord x3  
  70  4:46  Extractor x2  
  70  4:52  Roach  
  70  4:53  Roach x7  
  70  4:55  Overlord  
  70  4:57  Overlord  
  84  5:01  Roach  
  84  5:02  Roach  
  84  5:03  Glial Reconstitution  
  88  5:12  Roach x5  
  98  5:16  Roach x3  
  107  5:21  Roach x2  
  107  5:26  Ravager x2  
  107  5:27  Ravager x2  
  111  5:34  Roach x2, Zergling x10  
  120  5:38  Overlord  
  120  5:40  Overlord  
  120  5:42  Ravager x2  
  122  5:45  Roach  
  124  5:53  Roach x2  
  128  6:09  Roach x6  
  128  6:10  Ravager x2  
  128  6:11  Overlord x3  
  137  6:15  Roach x2, Zergling x8  
  143  6:28  Roach  
  143  6:29  Roach x2  
  143  6:37  Roach x3  
  141  6:45  Ravager  
  157  6:52  Ravager  
Show
View Real Time Build Order
Export as new Build Order

yukimurahhh Protoss 

Build Orders: Nexus First 

Get SALT Encoding   

  12  0:35  Nexus  
  12  0:40  Probe (Chrono Boost)  
  13  0:51  Probe (Chrono Boost)  
  13  0:55  Pylon  
  14  1:01  Probe (Chrono Boost)  
  15  1:13  Probe (Chrono Boost)  
  15  1:18  Gateway  
  16  1:24  Probe (Chrono Boost), Assimilator  
  17  1:31  Assimilator  
  17  1:34  Probe (Chrono Boost)  
  18  1:45  Probe (Chrono Boost), Pylon  
  19  1:50  Probe (Chrono Boost)  
  20  1:55  Probe (Chrono Boost)  
  20  2:01  Probe (Chrono Boost)  
  22  2:06  Probe (Chrono Boost)  
  23  2:08  Cybernetics Core  
  23  2:13  Probe (Chrono Boost)  
  24  2:20  Probe (Chrono Boost)  
  25  2:23  Probe (Chrono Boost)  
  26  2:30  Probe (Chrono Boost)  
  26  2:34  Probe (Chrono Boost)  
  28  2:41  Probe (Chrono Boost)  
  29  2:44  Probe (Chrono Boost)  
  29  2:48  Warp Gate, Robotics Facility  
  30  2:54  Adept (Chrono Boost)  
  30  2:58  Mothership Core (Chrono Boost), Probe (Chrono Boost)  
  35  3:09  Probe (Chrono Boost)  
  36  3:18  Probe (Chrono Boost)  
  37  3:20  Sentry, Probe (Chrono Boost)  
  40  3:28  Pylon  
  40  3:29  Probe (Chrono Boost)  
  40  3:30  Probe (Chrono Boost)  
  42  3:35  Immortal (Chrono Boost)  
  46  3:43  Assimilator  
  46  3:45  Probe  
  46  3:46  Probe  
  46  3:47  Pylon  
  48  3:55  Probe  
  48  3:59  Probe  
  48  4:01  Sentry  
  52  4:06  Probe  
  57  4:10  Immortal (Chrono Boost)  
  57  4:18  Gateway  
  57  4:19  Gateway  
  57  4:23  Gateway x2  
  57  4:31  Gateway  
  57  4:37  Gateway  
  57  4:44  Warp Prism (Chrono Boost)  
  59  4:51  Sentry  
  61  4:53  Pylon  
  61  4:55  Pylon  
  61  4:58  Pylon  
  61  5:06  Pylon x2  
  60  5:15  Observer (Chrono Boost)  
  61  5:29  Stalker x4  
  61  5:30  Stalker  
  61  5:33  Observer (Chrono Boost)  
  61  5:35  Pylon  
  72  5:47  Stalker x2  
  76  5:52  Adept x2  
  76  5:53  Adept x3  
  86  6:13  Stalker x3  
  86  6:14  Stalker  
  87  6:36  Stalker x3  
  75  6:52  Stalker  
  75  6:53  Stalker  
Tags
 
Add a new tag
Caveats
  • Supply blocks, unpowered buildings, or Contaminate may cause inaccurate times.
  • Supply counts are checked every 10 seconds.